 Dungeon Crawl Stone Soup version 0.29-a0-234-g0dae59b3db (webtiles) character file.

Game seed: 5805495288304875943

66 jfcaron the Skirmisher (level 3, -1/29 HPs)
             Began as a Demonspawn Fighter on Mar 2, 2022.
             Slain by Terence
             ... wielding a +0 mace
              (4 damage)
             ... on level 3 of the Dungeon.
             The game lasted 00:03:03 (2573 turns).

jfcaron the Skirmisher (Demonspawn Fighter)         Turns: 2573, Time: 00:03:03

Health: -1/29      AC:  9    Str: 18    XL:     3   Next: 96%
Magic:  3/3        EV:  6    Int:  9    God:
Gold:   139        SH:  4    Dex: 12    Spells: 2/2 levels left

rFire   . . .      SeeInvis .   a - +0 war axe
rCold   . . .      Faith    .   c - +0 buckler
rNeg    . . .      Spirit   .   p - +0 chain mail
rPois   .          Reflect  .   (helmet restricted)
rElec   .          Harm     .   (no cloak)
rCorr   +          Rampage  .   (no gloves)
Will    .....                   (no boots)
Stlth   ..........              m - amulet of magic regeneration
HPRegen 0.09/turn               q - ring of resist corrosion
MPRegen 0.48/turn               (no ring)

@: no status effects
A: antennae 2
a: no special abilities


You were on level 3 of the Dungeon.
You visited 1 branch of the dungeon, and saw 3 of its levels.

You collected 139 gold pieces.

Inventory:

Hand Weapons
 a - a +0 war axe (weapon)
 y - a +4 dagger
Missiles
 i - 127 stones
Armour
 b - a +0 scale mail
 c - a +0 buckler (worn)
 k - an orb of light
 p - a +0 chain mail (worn)
Jewellery
 m - an amulet of magic regeneration (around neck)
 q - a ring of resist corrosion (left hand)
Scrolls
 f - 2 scrolls of fear {unknown}
 g - a scroll of blinking {unknown}
 h - 2 scrolls of teleportation {unknown}
 n - 2 scrolls of noise {unknown}
 r - a scroll of enchant armour {unknown}
 s - 2 scrolls of identify {unknown}
 v - 2 scrolls of vulnerability {unknown}
 x - a scroll of fog {unknown}
 z - a scroll of holy word {unknown}
Potions
 d - 2 potions of might
 e - a potion of resistance {unknown}
 j - a potion of magic {unknown}
 l - a potion of haste {unknown}
 o - a potion of flight {unknown}
 t - a potion of lignification {unknown}
 u - 2 potions of heal wounds {unknown}
 w - a potion of curing {unknown}


   Skills:
 + Level 3.5 Fighting
 + Level 2.4 Axes
 + Level 3.2 Armour
 + Level 3.2 Shields


You had 2 spell levels left.
You didn't know any spells.
Your spell library was empty.

Dungeon Overview and Level Annotations

Branches:
Dungeon (3/15)

Altars:
Dithmenos

Annotations:
D:3 Terence


Innate Abilities, Weirdness & Mutations

You have a pair of antennae on your head.


Message History

Found a stone staircase leading up.
Terence the Incautious comes into view.
He is wielding a +0 mace.
Found 15 gold pieces.
Terence shouts!
Throw: 130 stones
Press: ? - help, Shift-Dir - straight line, f - Terence
Aim: Terence, wielding a +0 mace and wearing a +0 chain mail (65% to hit)
You throw a stone. The stone completely misses Terence.
Throw: 129 stones
Press: ? - help, Shift-Dir - straight line, f/p - Terence
Aim: Terence, wielding a +0 mace and wearing a +0 chain mail (65% to hit)
You throw a stone. The stone barely misses Terence.
Throw: 128 stones
Press: ? - help, Shift-Dir - straight line, f/p - Terence
Aim: Terence, wielding a +0 mace and wearing a +0 chain mail (65% to hit)
You throw a stone. The stone barely misses Terence.
You closely miss Terence. Terence hits you but does no damage.
You block Terence's attack.
You closely miss Terence. Terence hits you with a +0 mace!
You barely miss Terence. You block Terence's attack.
Terence hits you with a +0 mace.
You barely miss Terence. Terence barely misses you.
You hit Terence but do no damage. You block Terence's attack.
You hit Terence but do no damage. Terence hits you but does no damage.
Terence barely misses you.
You slash Terence!
Terence is heavily wounded.
Terence hits you with a +0 mace.
You closely miss Terence.
Terence is heavily wounded.
Terence hits you with a +0 mace. Terence hits you but does no damage.
You barely miss Terence.
Terence is heavily wounded.
You block Terence's attack.
You hit Terence but do no damage.
Terence is heavily wounded.
Terence hits you with a +0 mace!
* * * LOW HITPOINT WARNING * * *
Terence hits you with a +0 mace.
You die...

.....# #.##$ ..
...... .(.( ..#
...... #... ...
......##.. #.# #
.........##..#.#
#.............####
#.#..............
#.<...@#.........
##...##@.#....≈≈.≈
#...# #..#.....≈.≈
##...# #......≈....
#..##.##...≈≈...
..##..#........._.
.........#...≈≈...
.........#...≈....
.......###.....≈.≈
#.....>........≈≈.≈


You could see Terence.

Vanquished Creatures
  3 adders (D:2)
  A dart slug (D:2)
  3 orcs (D:3)
  5 bats
  3 endoplasms
  2 giant cockroaches (D:2)
  2 goblins (D:3)
  3 hobgoblins
  4 ball pythons
  A frilled lizard (D:1)
  3 kobolds
  5 rats
  4 toadstools (D:1)
39 creatures vanquished.

Notes
Turn   | Place    | Note
-------+----------+-------------------------------------------
     0 | D:1      | jfcaron the Demonspawn Fighter began the quest for the Orb.
     0 | D:1      | Reached XP level 1. HP: 18/18 MP: 1/1
   310 | D:1      | Found a faded altar of an unknown god.
   474 | D:1      | Gained mutation: You have a pair of small antennae on your
                  | head. [demonic ancestry]
   474 | D:1      | Reached XP level 2. HP: 24/24 MP: 2/2
  1581 | D:2      | Gained mutation: You have a pair of antennae on your head.
                  | [demonic ancestry]
  1581 | D:2      | Reached XP level 3. HP: 26/29 MP: 3/3
  2542 | D:3      | Found a shadowy altar of Dithmenos.
  2559 | D:3      | Noticed Terence
  2573 | D:3      | HP: 3/29 [Terence/+0 mace (7)]
  2573 | D:3      | Slain by Terence

Illustrated notes

Levels and vault maps discovered:
D:1:      ldierk_water_garden, layout_basic, hellmonk_ecumenical_altar_zigzags,
          minmay_tetromino_l4
D:2:      layout_loops_ring, minmay_quadrilaterals
D:3:      kennysheep_big_flooded_room, layout_rooms,
          mainiacjoe_overflow_small_starburst, glass_columns_a,
          hangedman_abyss_or_decor_stabs, minmay_misc_feat_nine_boxes,
          guppyfry_early_orc_mine, uniq_robin, uniq_terence, uniq_ijyb

Skill      XL: |  1  2 |
---------------+-------+-----
Axes           | 2 |  2.4
Shields        | 3 |  3.2
Armour         | 3 |  3.2
Fighting       | |  3.5

Action                   || total
-------------------------++-------
Melee: War axe           ||   118
Throw: Stone             ||    10
Armor: Scale mail        ||    38
       Chain mail        ||    38
Dodge: Dodged            ||    52
Block: Buckler           ||    43

Table legend: (Time is in decaauts)
 A = Elapsed time spent in this place.
 B = Non-inter-level travel time spent in this place.
 C = Inter-level travel time spent in this place.
 D = Time resting spent in this place.
 E = Time spent auto-exploring this place.
 F = Levels seen in this place.
 G = Mean time per level.
                   A        B        C        D        E       F      G
               +--------+--------+--------+--------+--------+-----+--------+
         Total |   2632 |   2499 |    133 |    454 |   1700 |   3 |  877.3 |
       Dungeon |   2632 |   2499 |    133 |    454 |   1700 |   3 |  877.3 |
               +--------+--------+--------+--------+--------+-----+--------+

Top non-repeatable levels by time:
     D:1: 1229 daAuts
     D:2: 1086 daAuts
     D:3: 316 daAuts
